MWL (24 & UNDER)
MINNESOTA DEATH STARS @ ERIE JAXX
08/02/2029
 
TOP OF THE 1ST
Minnesota Death Stars batting - Pitching for Erie Jaxx : RHP Jesús Jaramillo
Pitching: RHP Jesús Jaramillo
Batting: LHB Júlio Córdova 0-0: Ball
1-0: Ball
2-0: Called Strike
2-1: DOUBLE (Groundball, 5L)
Batting: RHB Manuel Cintrón 0-0: Called Strike
0-1: Ball
Júlio Córdova steals 3rd base
1-1: Swinging Strike
1-2: Strikes out swinging
Batting: LHB Larry Wright 0-0: Ball
1-0: Ball
2-0: Foul Ball, location: 2F
2-1: Ball
3-1: Called Strike
3-2: Base on Balls
Batting: RHB Brad Ravenshaw 0-0: Called Strike
0-1: Ball
1-1: Ball
2-1: Ball
3-1: Base on Balls
Larry Wright to second
Batting: LHB Gonzalo Gálvez 0-0: Called Strike
0-1: Ball
1-1: Fly out, F4 (Popup, 4)
Batting: LHB Jorge Gamboa 0-0: Ball
1-0: Called Strike
1-1: Ball
2-1: Foul Ball, location: 2F
2-2: Ball
Passed Ball!
Júlio Córdova scores
Larry Wright to third
Brad Ravenshaw to second
3-2: Base on Balls
Batting: RHB Pat McDonald 0-0: Foul Ball, location: 2F
0-1: Swinging Strike
0-2: Reached on error, E5 (Groundball, 56)
Larry Wright scores
Brad Ravenshaw to third
Jorge Gamboa to second
Batting: RHB Donny Boykins 0-0: Called Strike
0-1: Ground out 1-3 (Groundball, 15S)
Top of the 1st over - 2 runs, 1 hit, 1 error, 3 left on base; Minnesota 2 - Erie 0
BOTTOM OF THE 1ST
Erie Jaxx batting - Pitching for Minnesota Death Stars : LHP Wessel Timmermans
Pitching: LHP Wessel Timmermans
Batting: RHB Ed Keesee 0-0: Swinging Strike
0-1: SOLO HOME RUN (Flyball, 7D), Distance : 360 ft
Batting: RHB Ramón Maldonado 0-0: Called Strike
0-1: Swinging Strike
0-2: Foul Ball, location: 2F
0-2: Foul Ball, location: 2F
0-2: Foul Ball, location: 2F
0-2: Strikes out looking
Batting: RHB Shane Marshall 0-0: SINGLE (Line Drive, 56D)
Batting: RHB Miguel Sánchez 0-0: Called Strike
0-1: Ball
1-1: Called Strike
1-2: Ground out 5-3 (Groundball, 56S)
Shane Marshall to second
Batting: SHB José Durango 0-0: Ball
1-0: Called Strike
1-1: Ball
2-1: Foul Ball, location: 2F
2-2: Ball
3-2: Base on Balls
Batting: RHB Danny Morrison 0-0: Called Strike
0-1: Ball
1-1: Swinging Strike
1-2: Ball
2-2: Strikes out swinging
Bottom of the 1st over - 1 run, 2 hits, 0 errors, 2 left on base; Minnesota 2 - Erie 1
TOP OF THE 2ND
Minnesota Death Stars batting - Pitching for Erie Jaxx : RHP Jesús Jaramillo
Batting: LHB Jamie Walker 0-0: Called Strike
0-1: Ball
1-1: Swinging Strike
1-2: Strikes out swinging
Batting: LHB Júlio Córdova 0-0: Called Strike
0-1: DOUBLE (Line Drive, 9LD)
Batting: RHB Manuel Cintrón 0-0: Called Strike
0-1: SINGLE (Groundball, 56D)
Júlio Córdova to third
Runner from 3rd tries for Home, SAFE, no throw
Batting: LHB Larry Wright 0-0: Called Strike
Throwing error on steal attempt, E2
Manuel Cintrón to third
0-1: Ball
1-1: Ball
2-1: Ball
3-1: Base on Balls
Batting: RHB Brad Ravenshaw 0-0: Ball
1-0: Foul Ball, location: 2F
1-1: Fly out, F8 (Flyball, 8LD)
Runner from 3rd tags up, SCORES, throw made
Pitching: LHP Phil Forbes
Batting: LHB Gonzalo Gálvez 0-0: Ball
1-0: SINGLE (Groundball, 34S) (infield hit)
Larry Wright to second
Batting: LHB Jorge Gamboa 0-0: Called Strike
0-1: Foul Ball, location: 2F
0-2: Foul Ball, location: 2F
0-2: Foul Ball, location: 2F
0-2: Ball
1-2: SINGLE (Line Drive, 5S)
Larry Wright to third
Gonzalo Gálvez to second
Runner from 3rd tries for Home, SAFE, no throw
Batting: RHB Pat McDonald 0-0: Foul Ball, location: 2F
0-1: Foul Ball, location: 2F
0-2: Ball
1-2: Ball
2-2: Fly out, F7 (Flyball, 7)
Top of the 2nd over - 3 runs, 4 hits, 1 error, 2 left on base; Minnesota 5 - Erie 1
BOTTOM OF THE 2ND
Erie Jaxx batting - Pitching for Minnesota Death Stars : LHP Wessel Timmermans
Batting: RHB Cristián Cauozos 0-0: SINGLE (Groundball, 56D)
Batting: RHB Andrés Silva 0-0: Called Strike
0-1: Ball
1-1: Ball
2-1: Ball
3-1: Called Strike
3-2: 2-RUN HOME RUN (Flyball, 7LD), Distance : 337 ft
Batting: RHB William Wilson 0-0: Ball
1-0: SINGLE (Groundball, 56D)
Batting: RHB Ed Keesee 0-0: Ball
1-0: Grounds into double play, 6-4-3 (Groundball, 6)
Batting: RHB Ramón Maldonado 0-0: Ball
1-0: Swinging Strike
1-1: Ball
2-1: Swinging Strike
2-2: Strikes out swinging
Bottom of the 2nd over - 2 runs, 3 hits, 0 errors, 0 left on base; Minnesota 5 - Erie 3
TOP OF THE 3RD
Minnesota Death Stars batting - Pitching for Erie Jaxx : LHP Phil Forbes
Batting: RHB Donny Boykins 0-0: Foul Ball, location: 2F
0-1: Ball
1-1: Foul Ball, location: 2F
1-2: Ball
2-2: Strikes out swinging
Batting: LHB Jamie Walker 0-0: Called Strike
0-1: Foul Ball, location: 2F
0-2: Ball
1-2: Strikes out swinging
Batting: LHB Júlio Córdova 0-0: SINGLE (Groundball, 25) (infield hit)
Batting: RHB Manuel Cintrón 0-0: Called Strike
0-1: Ball
1-1: Fly out, F7 (Flyball, 7LDF)
Top of the 3rd over - 0 runs, 1 hit, 0 errors, 1 left on base; Minnesota 5 - Erie 3
BOTTOM OF THE 3RD
Erie Jaxx batting - Pitching for Minnesota Death Stars : LHP Wessel Timmermans
Batting: RHB Shane Marshall 0-0: Ball
1-0: Called Strike
1-1: Foul Ball, location: 2F
1-2: Hit by Pitch
Batting: RHB Miguel Sánchez 0-0: Ball
1-0: SINGLE (Groundball, 4MD)
Shane Marshall to second
Batting: SHB José Durango 0-0: Ball
1-0: Called Strike
Shane Marshall steals 3rd base
Miguel Sánchez to second
1-1: Ball
2-1: Ball
3-1: Base on Balls
Batting: RHB Danny Morrison 0-0: Swinging Strike
0-1: Ball
1-1: Ball
2-1: Ball
Wild Pitch!
Shane Marshall scores
Miguel Sánchez to third
José Durango to second
3-1: Called Strike
3-2: Strikes out looking
Batting: RHB Cristián Cauozos 0-0: Called Strike
0-1: Ball
1-1: Called Strike
1-2: Strikes out looking
Batting: RHB Andrés Silva 0-0: Ball
1-0: Foul Ball, location: 2F
1-1: Foul Ball, location: 2F
1-2: Ball
2-2: Ball
3-2: Foul Ball, location: 2F
3-2: Base on Balls
Batting: RHB William Wilson 0-0: Swinging Strike
0-1: Ball
1-1: Swinging Strike
1-2: Strikes out looking
Bottom of the 3rd over - 1 run, 1 hit, 0 errors, 3 left on base; Minnesota 5 - Erie 4
TOP OF THE 4TH
Minnesota Death Stars batting - Pitching for Erie Jaxx : LHP Phil Forbes
Batting: LHB Larry Wright 0-0: Ball
1-0: Ball
2-0: Called Strike
2-1: Ball
3-1: Fly out, F9 (Flyball, 89M)
Batting: RHB Brad Ravenshaw 0-0: Fly out, F6 (Flyball, 6MD)
Batting: LHB Gonzalo Gálvez 0-0: SINGLE (Groundball, 56D)
Batting: LHB Jorge Gamboa 0-0: Ball
1-0: Ground out 4-3 (Groundball, 4S)
Top of the 4th over - 0 runs, 1 hit, 0 errors, 1 left on base; Minnesota 5 - Erie 4
BOTTOM OF THE 4TH
Erie Jaxx batting - Pitching for Minnesota Death Stars : LHP Wessel Timmermans
Batting: RHB Ed Keesee 0-0: Ball
1-0: Ground out 5-3 (Groundball, 5L)
Batting: RHB Ramón Maldonado 0-0: Ball
1-0: Foul Ball, location: 2F
1-1: Ball
2-1: Swinging Strike
2-2: Ball
3-2: Base on Balls
Batting: RHB Shane Marshall 0-0: Fly out, F8 (Flyball, 8RXD)
Runner from 1st tags up, SAFE at 2nd
Batting: RHB Miguel Sánchez 0-0: Swinging Strike
0-1: Ball
1-1: 2-RUN HOME RUN (Flyball, 78XD), Distance : 422 ft
Batting: SHB José Durango 0-0: Ball
1-0: Ball
2-0: Swinging Strike
2-1: Called Strike
2-2: Ball
3-2: Base on Balls
Pitching: RHP John O'Neill
Batting: RHB Danny Morrison 0-0: Called Strike
0-1: Ball
1-1: Fly out, F3 (Popup, 3S)
Bottom of the 4th over - 2 runs, 1 hit, 0 errors, 1 left on base; Minnesota 5 - Erie 6
TOP OF THE 5TH
Minnesota Death Stars batting - Pitching for Erie Jaxx : LHP Phil Forbes
Batting: RHB Pat McDonald 0-0: Called Strike
0-1: Foul Ball, location: 2F
0-2: Strikes out swinging
Batting: RHB Donny Boykins 0-0: Ball
1-0: SINGLE (Groundball, 6MD)
Batting: LHB Jamie Walker 0-0: Called Strike
0-1: Called Strike
0-2: Foul Ball, location: 2F
0-2: Foul Ball, location: 2F
0-2: Strikes out looking
Batting: LHB Júlio Córdova 0-0: Called Strike
0-1: Swinging Strike
0-2: Strikes out swinging
Top of the 5th over - 0 runs, 1 hit, 0 errors, 1 left on base; Minnesota 5 - Erie 6
BOTTOM OF THE 5TH
Erie Jaxx batting - Pitching for Minnesota Death Stars : RHP John O'Neill
Batting: RHB Cristián Cauozos 0-0: Called Strike
0-1: Foul Ball, location: 2F
0-2: Ball
1-2: Fly out, F7 (Line Drive, 7S)
Batting: RHB Andrés Silva 0-0: Swinging Strike
0-1: Ball
1-1: Foul Ball, location: 2F
1-2: Ball
2-2: Strikes out swinging
Batting: RHB William Wilson 0-0: Called Strike
0-1: DOUBLE (Flyball, 89XD)
Batting: RHB Ed Keesee 0-0: Ball
1-0: Ball
2-0: Called Strike
2-1: Foul Ball, location: 2F
2-2: Ground out 6-3 (Groundball, 56D)
Bottom of the 5th over - 0 runs, 1 hit, 0 errors, 1 left on base; Minnesota 5 - Erie 6
TOP OF THE 6TH
Minnesota Death Stars batting - Pitching for Erie Jaxx : LHP Phil Forbes
Batting: RHB Manuel Cintrón 0-0: Ball
1-0: Called Strike
1-1: SINGLE (Line Drive, 9S)
Pitching: RHP Robbie Hopps
Batting: LHB Larry Wright 0-0: Called Strike
0-1: Ball
1-1: Foul Ball, location: 2F
1-2: Strikes out looking
Manuel Cintrón steals 2nd base
Batter strikes out.
Batting: RHB Brad Ravenshaw 0-0: Ball
1-0: Swinging Strike
1-1: Ball
2-1: Fly out, F3 (Line Drive, 3)
Batting: LHB Gonzalo Gálvez 0-0: Called Strike
0-1: Ground out U3 (Groundball, 34)
Top of the 6th over - 0 runs, 1 hit, 0 errors, 1 left on base; Minnesota 5 - Erie 6
BOTTOM OF THE 6TH
Erie Jaxx batting - Pitching for Minnesota Death Stars : RHP John O'Neill
Batting: RHB Ramón Maldonado 0-0: Called Strike
0-1: Ground out 3-1 (Groundball, 34S)
Batting: RHB Shane Marshall 0-0: Ball
1-0: Ball
2-0: Ball
3-0: Called Strike
3-1: Base on Balls
Batting: RHB Miguel Sánchez 0-0: Ball
1-0: Called Strike
1-1: Hit by Pitch
Shane Marshall to second
Batting: SHB José Durango 0-0: Called Strike
0-1: Ball
1-1: Grounds into double play, 3-6-1 (Groundball, 34)
Bottom of the 6th over - 0 runs, 0 hits, 0 errors, 1 left on base; Minnesota 5 - Erie 6
TOP OF THE 7TH
Minnesota Death Stars batting - Pitching for Erie Jaxx : RHP Robbie Hopps
Batting: LHB Jorge Gamboa 0-0: Called Strike
0-1: Ball
1-1: Ball
2-1: Ball
3-1: Foul Ball, location: 2F
3-2: Foul Ball, location: 2F
3-2: Ground out U3 (Groundball, 34S)
Pitching: RHP Javier Bustamante
Batting: RHB Pat McDonald 0-0: Ball
1-0: Ball
2-0: SINGLE (Line Drive, 5)
Batting: RHB Donny Boykins 0-0: Ball
1-0: Called Strike
1-1: Fly out, F8 (Flyball, 8RXD)
Pinch Hitting: LHB Chris Henry 0-0: Ground out 4-3 (Groundball, 4D)
Top of the 7th over - 0 runs, 1 hit, 0 errors, 1 left on base; Minnesota 5 - Erie 6
BOTTOM OF THE 7TH
Erie Jaxx batting - Pitching for Minnesota Death Stars : RHP John O'Neill
Now in RF: Chris Henry
Batting: RHB Danny Morrison 0-0: Ball
1-0: Called Strike
1-1: Swinging Strike
1-2: Hit by Pitch
Batting: RHB Cristián Cauozos 0-0: Ball
Danny Morrison is caught stealing 2nd base
1-0: Called Strike
1-1: Swinging Strike
1-2: Ball
2-2: Ball
3-2: Base on Balls
Batting: RHB Andrés Silva 0-0: Ball
Cristián Cauozos is caught stealing 2nd base
1-0: Called Strike
1-1: Ground out 5-3 (Groundball, 56)
Bottom of the 7th over - 0 runs, 0 hits, 0 errors, 0 left on base; Minnesota 5 - Erie 6
TOP OF THE 8TH
Minnesota Death Stars batting - Pitching for Erie Jaxx : RHP Javier Bustamante
Batting: LHB Júlio Córdova 0-0: SINGLE (Line Drive, 9LM)
Batting: RHB Manuel Cintrón 0-0: SINGLE (Line Drive, 56)
Júlio Córdova to second
Pitching: RHP Jorge Barrón
Batting: LHB Larry Wright 0-0: TRIPLE (Flyball, 89XD)
Júlio Córdova scores
Manuel Cintrón scores
Batting: RHB Brad Ravenshaw 0-0: Called Strike
0-1: Called Strike
0-2: Foul Ball, location: 2F
0-2: Strikes out looking
Batting: LHB Gonzalo Gálvez 0-0: Intentional Walk
Batting: LHB Jorge Gamboa 0-0: Ball
1-0: Ball
2-0: Ball
3-0: Base on Balls
Gonzalo Gálvez to second
Pitching: LHP Jesús Acosta
Batting: RHB Pat McDonald 0-0: Called Strike
0-1: Ball
1-1: Ball
2-1: Ball
3-1: Called Strike
3-2: Strikes out swinging
Batting: RHB Donny Boykins 0-0: Fielders Choice at 2nd, 6-4 (Groundball, 6)
Top of the 8th over - 2 runs, 3 hits, 0 errors, 3 left on base; Minnesota 7 - Erie 6
BOTTOM OF THE 8TH
Erie Jaxx batting - Pitching for Minnesota Death Stars : RHP John O'Neill
Now at 1B: Shannon Hunter
Batting: RHB William Wilson 0-0: Swinging Strike
0-1: Ball
1-1: Ball
2-1: Swinging Strike
2-2: Ball
3-2: Strikes out swinging passed ball, reaches first!
Pitching: LHP Kurt Brown
Batting: RHB Ed Keesee 0-0: Ball
1-0: Fly out, F7 (Flyball, 7)
Batting: RHB Ramón Maldonado 0-0: Ball
1-0: Called Strike
1-1: Ball
2-1: Swinging Strike
2-2: Ground out 5-3 (Groundball, 5)
William Wilson to second
Batting: RHB Shane Marshall 0-0: Called Strike
0-1: Foul Ball, location: 2F
0-2: Ball
1-2: Ball
2-2: Ball
3-2: Base on Balls
Batting: RHB Miguel Sánchez 0-0: Fly out, F9 (Flyball, 9LS)
Bottom of the 8th over - 0 runs, 0 hits, 0 errors, 2 left on base; Minnesota 7 - Erie 6
TOP OF THE 9TH
Minnesota Death Stars batting - Pitching for Erie Jaxx : LHP Jesús Acosta
Batting: LHB Chris Henry 0-0: Fly out, F8 (Flyball, 8LD)
Batting: LHB Júlio Córdova 0-0: Foul Ball, location: 2F
0-1: Ball
1-1: Ball
2-1: Foul Ball, location: 2F
2-2: Ball
3-2: Foul Ball, location: 2F
3-2: SINGLE (Line Drive, 9S)
Batting: RHB Manuel Cintrón 0-0: Called Strike
0-1: Ball
1-1: Swinging Strike
1-2: Strikes out swinging
Pinch Hitting: RHB Sidney Smith 0-0: Ball
1-0: Swinging Strike
1-1: Foul Ball, location: 2F
1-2: Fly out, F3 (Popup, 3F)
Top of the 9th over - 0 runs, 1 hit, 0 errors, 1 left on base; Minnesota 7 - Erie 6
BOTTOM OF THE 9TH
Erie Jaxx batting - Pitching for Minnesota Death Stars : LHP Kurt Brown
Pitching: RHP Carlos Hernández
Now in LF: Xavier Chávez
Batting: SHB José Durango 0-0: Called Strike
0-1: Ball
1-1: Called Strike
1-2: Ball
2-2: Ball
3-2: Base on Balls
Batting: RHB Danny Morrison 0-0: Ground out 5-3 (Groundball, 56S)
José Durango to second
Batting: RHB Cristián Cauozos 0-0: Ball
1-0: SINGLE (Line Drive, 56D)
José Durango to third
Runner from 3rd tries for Home, SAFE, no throw
Batting: RHB Andrés Silva 0-0: Ball
1-0: Fly out, F6 (Line Drive, 6)
Batting: RHB William Wilson 0-0: Ball
1-0: Called Strike
Cristián Cauozos steals 2nd base
1-1: Ball
2-1: Called Strike
2-2: Foul Ball, location: 2F
2-2: Strikes out swinging
Bottom of the 9th over - 1 run, 1 hit, 0 errors, 1 left on base; Minnesota 7 - Erie 7
TOP OF THE 10TH
Minnesota Death Stars batting - Pitching for Erie Jaxx : LHP Jesús Acosta
Batting: RHB Brad Ravenshaw 0-0: Ball
1-0: Ball
2-0: Foul Ball, location: 2F
2-1: Ball
3-1: Base on Balls
Pinch Hitting: RHB José Rosales 0-0: Ball
1-0: Called Strike
1-1: Called Strike
1-2: Strikes out swinging
Batting: LHB Shannon Hunter 0-0: Called Strike
0-1: Ball
1-1: Ball
2-1: Foul Ball, location: 2F
2-2: Strikes out swinging
Batting: RHB Pat McDonald 0-0: DOUBLE (Line Drive, 8LD)
Brad Ravenshaw to third
Batting: RHB Donny Boykins 0-0: Foul Ball, location: 2F
0-1: Swinging Strike
0-2: Ball
1-2: Ball
2-2: Ball
3-2: Foul Ball, location: 2F
3-2: Strikes out swinging
Top of the 10th over - 0 runs, 1 hit, 0 errors, 2 left on base; Minnesota 7 - Erie 7
BOTTOM OF THE 10TH
Erie Jaxx batting - Pitching for Minnesota Death Stars : RHP Carlos Hernández
Now in CF: Will O'Clerkin
Batting: RHB Ed Keesee 0-0: Foul Ball, location: 2F
0-1: Ball
1-1: SOLO HOME RUN (Flyball, 78XD), Distance : 420 ft
Saturday, December 16th, 2017 - OOTP Baseball 18.8 Build 76